 Dungeon Crawl Stone Soup version 0.22-a0-565-gfc6459a524 (webtiles) character file.

308 Kholdaimon the Ducker (level 6, -3/47 HPs)
             Began as a Merfolk Gladiator on June 28, 2018.
             Killed by divine providence
             ... invoked by an orc priest
              (16 damage)
             ... on level 3 of the Dungeon.
             The game lasted 00:14:15 (3878 turns).

Kholdaimon the Ducker (Merfolk Gladiator)           Turns: 3878, Time: 00:14:16

Health: -3/47      AC:  4    Str: 15    XL:     6   Next: 40%
Magic:  6/6        EV: 15    Int:  9    God:
Gold:   46         SH:  0    Dex: 15    Spells: 5/5 levels left

rFire    . . .     SeeInvis .   a - +0 long sword
rCold    . . .     Gourm    .   (no shield)
rNeg     . . .     Faith    .   b - +0 leather armour
rPois    .         Spirit   .   c - +0 helmet
rElec    .         Reflect  .   (no cloak)
rCorr    .         Harm     .   (no gloves)
MR       .....                  (no boots)
Stlth    +.........             (no amulet)
HPRegen  0.15/turn              (no ring)
MPRegen  0.10/turn              (no ring)

@: confused
A: change form in water, swift swim, stealthy swim
a: no special abilities


You were on level 3 of the Dungeon.
You were not hungry.

You visited 1 branch of the dungeon, and saw 3 of its levels.

You collected 46 gold pieces.

Inventory:

Hand Weapons
 a - a +0 long sword (weapon)
 j - a +0 hunting sling of velocity
 l - a +0 hunting sling
 r - a +0 falchion
 s - a +1 hunting sling of freezing
Missiles
 d - a throwing net
 e - 134 stones (quivered)
 n - 9 poisoned needles
Armour
 b - a +0 leather armour (worn)
 c - a +0 helmet (worn)
 g - a +0 large shield
 p - a +0 ring mail
 u - a +2 scale mail of cold resistance
Jewellery
 x - an uncursed ring of stealth {unknown}
Wands
 q - a wand of flame (24)
Scrolls
 i - 3 scrolls of teleportation
 k - 4 scrolls of remove curse {unknown}
 m - 2 scrolls of fear {unknown}
 o - 2 scrolls of identify {unknown}
 w - a scroll of fog {unknown}
Potions
 h - 2 potions of lignification {unknown}
 v - 2 potions of curing {unknown}
 z - a potion of flight {unknown}
 A - a potion of agility {unknown}
Comestibles
 f - 4 rations


   Skills:
 - Level 3.0 Fighting
 * Level 5.2 Long Blades
 + Level 3.3 Throwing
 * Level 6.3 Dodging


You had 5 spell levels left.
You didn't know any spells.
Your spell library was empty.

Dungeon Overview and Level Annotations

Branches:
Dungeon (3/15)

Altars:
Gozag
Nemelex Xobeh


Message History

You barely miss the orc priest.
The orc priest is heavily wounded.
Something hits you but does no damage.
The orc priest hits you but does no damage.
You hear some strange, mumbled words.
You are confused.
You hit the orc priest.
The orc priest is almost dead.
The orc priest mumbles some strange prayers to Beogh against you.
Beogh smites you! Something hits you.
* * * LOW HITPOINT WARNING * * *
You bump into the rock wall.
The orc priest closely misses you. Something hits you.
* * * LOW HITPOINT WARNING * * *
You bump into the rock wall.
The orc priest hits you but does no damage.
Something barely misses you.
The orc priest invokes the aid of Beogh against you.
Beogh smites you!
You die...

.. #.# #.# #.# #.# #.#
.# .######.# ...##
........# ...o. #@# .o.
#)##.# # ..#####{o..#.#
.......o.....#.. #.....
#.#####......... #.....
#.##.....######## .....
#...............####....
####.....######.#.......
#.....# #.#.....


You could see an orc priest and an orc wizard.

Vanquished Creatures
  An orc warrior (D:2)
  An orc wizard (D:3)
  An orc priest (D:3)
  Jessica (D:2)
  2 adders
  An ooze (D:3)
  3 worms
  2 dart slugs
  17 orcs
  2 giant cockroaches (D:2)
  9 goblins
  7 hobgoblins
  4 jackals (D:2)
  10 kobolds
  6 bats
  6 frilled lizards
  6 rats
79 creatures vanquished.

Notes
Turn   | Place    | Note
-------+----------+-------------------------------------------
     0 | D:1      | Kholdaimon the Merfolk Gladiator began the quest for the Orb.
     0 | D:1      | Reached XP level 1. HP: 16/16 MP: 1/1
   171 | D:1      | Reached XP level 2. HP: 23/23 MP: 2/2
   631 | D:2      | Reached XP level 3. HP: 23/28 MP: 3/3
   924 | D:2      | Noticed Jessica
  1182 | D:2      | Found a sparkling altar of Nemelex Xobeh.
  1428 | D:2      | Reached XP level 4. HP: 32/34 MP: 4/4
  1493 | D:2      | Found an opulent altar of Gozag.
  1700 | D:2      | Killed Jessica
  1700 | D:2      | Reached skill level 5 in Dodging
  2322 | D:3      | Reached XP level 5. HP: 40/40 MP: 5/5
  3156 | D:3      | Noticed an orc warrior
  3259 | D:2      | Killed an orc warrior
  3259 | D:2      | Reached skill level 5 in Long Blades
  3259 | D:2      | Reached skill level 6 in Dodging
  3259 | D:2      | Reached XP level 6. HP: 23/47 MP: 6/6
  3878 | D:3      | Killed from afar by an orc priest

Vault maps used:
D:1:      dpeg_arrival_rooms_b
D:2:      marbit_many_paths, first_ration, nemelex_lonely_heart_becter,
          uniq_jessica
D:3:      minmay_wonky_spiral, feat_on_display

Skill      XL: |  1  2  3  4  5 |
---------------+----------------+-----
Long Blades    | 4 5 |  5.2
Dodging        | 5 6 |  6.3
Fighting       | 3 |  3.0
Throwing       | 3 |  3.3

Action                   |  1- 3 |  4- 6 || total
-------------------------+-------+-------++-------
Melee: Long sword        |    87 |   164 ||   251
Throw: Throwing net      |     1 |     3 ||     4
       Stone             |       |    18 ||    18
 Stab: Sleeping          |     2 |       ||     2
       Held in net/web   |       |     3 ||     3
  Eat: Chunk             |     2 |     8 ||    10
Armor: Leather armour    |    19 |    28 ||    47
Dodge: Dodged            |    71 |   132 ||   203
       Rpst.: Long sword |    19 |    30 ||    49

Table legend:
 A = Spawn XP
 B = Non-spawn XP
 C = Spawn XP percentage of total XP
 D = Spawn monster count
 E = Non-spawn monster count
 F = Spawn count percentage of total count
 G = Total turns spent on level
                    A         B        C        D         E        F      G
               +---------+---------+-------+---------+---------+-------+---------
         Total |       0 |     440 |   0.0 |       0 |      79 |   0.0 |  3878
               +---------+---------+-------+---------+---------+-------+---------
           D:1 |       0 |      23 |   0.0 |       0 |      16 |   0.0 |   740
           D:2 |       0 |     249 |   0.0 |       0 |      36 |   0.0 |  1764
           D:3 |       0 |     168 |   0.0 |       0 |      27 |   0.0 |  1374
               +---------+---------+-------+---------+---------+-------+---------
